General information
- name: BNet
- type: Ladder team game (AT/RT)
- host: Battle.net
- saver: THEZZTOP
map: GolemsInTheMist
- players: 8
- length: 34:47
- speed: Fast
- version: 1.26 W3XP
- replay type: Public
» download(276 KB)
Players
team 1 (loser)
OVER.TIME. (
teal | 139 APM | 4589 actions | 33:05)
4 Death Knight
2 Death Coil
2 Unholy Aura
2 Lich
1 Frost Nova
1 Frost Armor
» actions
| Assign group hotkey | 63 | |
| Basic commands | 409 | |
| Build / train | 155 | |
| ESC pressed | 5 | |
| Enter build submenu | 36 | |
| Enter hero's abilities submenu | 6 | |
| Right click | 1736 | |
| Select / deselect | 457 | |
| Select group hotkey | 1630 | |
| Use ability | 92 | |
4589 total
» units
| Acolyte | 31 | |
| Ghoul | 25 | |
| Crypt Fiend | 26 | |
| Obsidian Statue | 4 | |
| Frost Wyrm | 8 | |
| Meatwagon | 1 | |
95 total
» upgrades
| Creature Attack | 2 | |
| Web | 1 | |
| Burrow | 1 | |
| Freezing Breath | 1 | |
5 total
» buildings
| Graveyard | 1 | |
| Crypt | 1 | |
| Ziggurat | 10 | |
| Altar of Darkness | 1 | |
| Tomb of Relics | 2 | |
| Nerubian Tower | 11 | |
| Necropolis | 1 | |
| Halls of the Dead | 4 | |
| Black Citadel | 1 | |
| Slaughterhouse | 1 | |
| Sacrificial Pit | 1 | |
| Boneyard | 2 | |
| Spirit Tower | 3 | |
39 total
» build order
00:07 Graveyard
00:18 Crypt
00:45 Ziggurat
01:02 Altar of Darkness
01:14 Tomb of Relics
02:07 Ziggurat
02:32 Nerubian Tower
02:32 Nerubian Tower
02:33 Nerubian Tower
02:33 Nerubian Tower
04:28 Necropolis
04:29 Ziggurat
06:29 Halls of the Dead
06:30 Halls of the Dead
06:30 Halls of the Dead
06:56 Nerubian Tower
06:57 Nerubian Tower
07:37 Ziggurat
08:15 Ziggurat
08:18 Ziggurat
08:33 Tomb of Relics
09:45 Black Citadel
10:50 Slaughterhouse
11:18 Sacrificial Pit
12:25 Boneyard
12:48 Boneyard
14:46 Ziggurat
14:53 Ziggurat
14:54 Ziggurat
15:54 Spirit Tower
15:54 Spirit Tower
16:23 Ziggurat
19:46 Spirit Tower
» items
| Rod of Necromancy | 1 | |
| Sacrificial Skull | 1 | |
| Scroll of Regeneration | 1 | |
| Lesser Clarity Potion | 1 | |
| Potion of Healing | 2 | |
| Orb of Corruption | 2 | |
| Scroll of Healing | 1 | |
| Scroll of Town Portal | 3 | |
12 total

»
F.U.C.K.O.F.F. (
yellow | 49 APM | 1635 actions | 33:05)
5 Archmage
3 Blizzard
2 Brilliance Aura
3 Paladin
2 Holy Light
1 Divine Shield
» actions
| Assign group hotkey | 26 | |
| Basic commands | 209 | |
| Build / train | 76 | |
| Enter build submenu | 35 | |
| Enter hero's abilities submenu | 8 | |
| Right click | 417 | |
| Select / deselect | 269 | |
| Select group hotkey | 468 | |
| Use ability | 127 | |
1635 total
» units
| Peasant | 9 | |
| Footman | 8 | |
| Dragonhawk Rider | 5 | |
| Gryphon Rider | 5 | |
| Knight | 3 | |
| Mortar Team | 2 | |
32 total
» upgrades
| Defend | 1 | |
| Masonry | 1 | |
| Swords | 3 | |
| Armor | 1 | |
| Cloud | 1 | |
| Animal War Training | 1 | |
| Storm Hammers | 1 | |
| Plating | 1 | |
| Fragmentation Shards | 1 | |
11 total
» buildings
| Altar of Kings | 1 | |
| Farm | 10 | |
| Barracks | 1 | |
| Scout Tower | 11 | |
| Arcane Vault | 3 | |
| Arcane Tower | 4 | |
| Lumber Mill | 1 | |
| Keep | 1 | |
| Blacksmith | 1 | |
| Guard Tower | 4 | |
| Castle | 1 | |
| Gryphon Aviary | 2 | |
| Town Hall | 4 | |
| Workshop | 1 | |
45 total
» build order
00:19 Altar of Kings
00:37 Farm
00:39 Farm
00:42 Barracks
01:39 Scout Tower
01:54 Arcane Vault
02:16 Farm
02:19 Arcane Tower
02:20 Arcane Tower
03:32 Farm
03:38 Lumber Mill
04:37 Keep
06:22 Blacksmith
06:28 Scout Tower
07:04 Guard Tower
07:06 Castle
07:07 Gryphon Aviary
07:11 Gryphon Aviary
12:19 Farm
12:19 Farm
13:30 Farm
14:37 Farm
14:37 Farm
16:53 Farm
18:40 Town Hall
18:44 Scout Tower
18:48 Scout Tower
19:25 Guard Tower
19:26 Arcane Tower
19:50 Arcane Vault
22:21 Arcane Vault
23:05 Scout Tower
23:06 Scout Tower
24:46 Town Hall
25:34 Guard Tower
25:39 Workshop
26:02 Town Hall
26:48 Scout Tower
26:49 Scout Tower
30:11 Scout Tower
30:15 Scout Tower
30:23 Town Hall
31:25 Guard Tower
31:39 Scout Tower
» items
| Scroll of Regeneration | 4 | |
| Orb of Fire | 2 | |
| Potion of Healing | 3 | |
| Lesser Clarity Potion | 1 | |
| Ivory Tower | 1 | |
| Scroll of Town Portal | 2 | |
13 total
THEZZTOP (
pink | 61 APM | 2024 actions | 33:05)
4 Blademaster
2 Wind Walk
2 Critical Strike
» actions
| Assign group hotkey | 121 | |
| Basic commands | 207 | |
| Build / train | 75 | |
| Enter build submenu | 43 | |
| Enter hero's abilities submenu | 4 | |
| Give item / drop item | 2 | |
| Remove unit from queue | 2 | |
| Right click | 872 | |
| Select / deselect | 390 | |
| Select group hotkey | 192 | |
| Use ability | 116 | |
2024 total
» units
| Peon | 8 | |
| Grunt | 6 | |
| Goblin Shredder | 1 | |
| Wind Rider | 13 | |
| Goblin Zeppelin | 1 | |
| Goblin Sapper | 7 | |
36 total
» upgrades
| Ranged Weapons | 3 | |
| Armor | 2 | |
| Reinforced Defenses | 1 | |
| Envenomed Spears | 1 | |
7 total
» buildings
| Orc Burrow | 6 | |
| Altar of Storms | 1 | |
| Barracks | 1 | |
| Voodoo Lounge | 2 | |
| Stronghold | 1 | |
| War Mill | 2 | |
| Watch Tower | 20 | |
| Great Hall | 2 | |
| Beastiary | 7 | |
| Fortress | 1 | |
43 total
» build order
00:13 Orc Burrow
00:57 Altar of Storms
00:57 Barracks
01:07 Orc Burrow
01:37 Voodoo Lounge
02:49 Stronghold
03:42 Orc Burrow
04:36 Orc Burrow
05:16 War Mill
06:42 Watch Tower
06:43 Watch Tower
06:43 Watch Tower
06:46 Watch Tower
07:11 Great Hall
08:06 Beastiary
08:07 Beastiary
08:08 Beastiary
08:09 Beastiary
08:15 Beastiary
12:02 Watch Tower
12:03 Voodoo Lounge
12:05 Watch Tower
12:06 Watch Tower
12:07 Watch Tower
12:18 War Mill
12:21 Fortress
12:42 Watch Tower
12:44 Watch Tower
12:47 Watch Tower
12:54 Great Hall
12:57 Watch Tower
14:14 Watch Tower
15:35 Watch Tower
15:36 Watch Tower
16:15 Watch Tower
16:17 Watch Tower
16:19 Watch Tower
16:21 Watch Tower
16:23 Watch Tower
20:18 Orc Burrow
20:42 Beastiary
20:44 Beastiary
24:01 Orc Burrow
» items
| Healing Salve | 8 | |
| Scroll of Town Portal | 5 | |
| Lesser Clarity Potion | 1 | |
| Potion of Mana | 1 | |
| Orb of Lightning | 1 | |
| Potion of Healing | 6 | |
| Orb of Corruption | 1 | |
23 total
FgH (
red | 132 APM | 4370 actions | 33:05)
5 Priestess of the Moon
3 Trueshot Aura
2 Scout
» actions
| Assign group hotkey | 88 | |
| Basic commands | 89 | |
| Build / train | 68 | |
| Enter build submenu | 19 | |
| Enter hero's abilities submenu | 5 | |
| Remove unit from queue | 5 | |
| Right click | 1558 | |
| Select / deselect | 787 | |
| Select group hotkey | 1720 | |
| Use ability | 31 | |
4370 total
» units
| Wisp | 12 | |
| Archer | 7 | |
| Dryad | 17 | |
| Glaive Thrower | 2 | |
| Goblin Sapper | 1 | |
39 total
» upgrades
| Ultravision | 1 | |
| Improved Bows | 1 | |
| Reinforced Hides | 4 | |
| Strength of the Wild | 3 | |
| Abolish Magic | 1 | |
| Vorpal Blades | 0 | |
10 total
» buildings
| Altar of Elders | 1 | |
| Moon Well | 8 | |
| Ancient of War | 2 | |
| Hunter's Hall | 1 | |
| Tree of Ages | 7 | |
| Ancient Protector | 2 | |
| Ancient of Lore | 2 | |
| Tree of Eternity | 1 | |
24 total
» build order
00:08 Altar of Elders
00:18 Moon Well
01:31 Ancient of War
01:36 Moon Well
02:08 Hunter's Hall
02:45 Tree of Ages
02:45 Tree of Ages
02:46 Tree of Ages
02:46 Tree of Ages
03:40 Ancient Protector
03:47 Ancient Protector
05:23 Ancient of Lore
05:24 Ancient of Lore
05:29 Moon Well
10:51 Moon Well
12:20 Moon Well
12:21 Tree of Eternity
16:48 Moon Well
19:55 Moon Well
19:58 Ancient of War
20:02 Moon Well
team 2 (winner)

»
Troylee (
green | 67 APM | 949 actions | 14:05)
3 Archmage
1 Blizzard
2 Summon Water Elemental
1 Mountain King
1 Storm Bolt
» actions
| Build / train | 58 | |
| Enter build submenu | 19 | |
| Enter hero's abilities submenu | 4 | |
| Right click | 635 | |
| Select / deselect | 190 | |
| Use ability | 43 | |
949 total
» units
» upgrades
| Gunpowder | 2 | |
| Armor | 2 | |
| Long Rifles | 1 | |
| Sorceress Training | 1 | |
| Priest Training | 1 | |
7 total
» buildings
| Altar of Kings | 1 | |
| Farm | 8 | |
| Barracks | 1 | |
| Blacksmith | 1 | |
| Arcane Vault | 1 | |
| Scout Tower | 3 | |
| Lumber Mill | 1 | |
| Keep | 2 | |
| Guard Tower | 4 | |
| Arcane Sanctum | 1 | |
| Workshop | 2 | |
| Castle | 2 | |
27 total
» build order
00:18 Altar of Kings
00:24 Farm
01:00 Farm
01:41 Barracks
01:44 Blacksmith
01:55 Farm
03:07 Farm
03:22 Arcane Vault
03:50 Farm
04:46 Scout Tower
04:52 Scout Tower
05:23 Lumber Mill
05:26 Scout Tower
06:21 Keep
06:21 Keep
06:24 Farm
07:09 Farm
07:11 Guard Tower
07:11 Guard Tower
09:09 Guard Tower
10:25 Arcane Sanctum
10:28 Workshop
10:32 Workshop
11:59 Castle
12:00 Castle
12:44 Farm
» items
| Scroll of Regeneration | 4 | |
| Potion of Healing | 1 | |
5 total

»
bartholom3u (
purple | 109 APM | 1546 actions | 14:07)
3 Priestess of the Moon
2 Trueshot Aura
1 Searing Arrows
» actions
| Assign group hotkey | 36 | |
| Basic commands | 3 | |
| Build / train | 48 | |
| Enter build submenu | 11 | |
| Enter hero's abilities submenu | 3 | |
| Give item / drop item | 1 | |
| Remove unit from queue | 3 | |
| Right click | 479 | |
| Select / deselect | 231 | |
| Select group hotkey | 705 | |
| Use ability | 26 | |
1546 total
» units
» upgrades
| Strength of the Moon | 1 | |
| Improved Bows | 1 | |
| Moon Armor | 1 | |
3 total
» buildings
| Altar of Elders | 1 | |
| Moon Well | 4 | |
| Hunter's Hall | 1 | |
| Ancient of War | 2 | |
| Tree of Ages | 1 | |
| Ancient Protector | 2 | |
| Ancient of Wonders | 1 | |
12 total
» build order
00:12 Altar of Elders
00:21 Moon Well
01:27 Hunter's Hall
01:44 Ancient of War
02:03 Ancient of War
02:18 Moon Well
02:29 Moon Well
05:59 Tree of Ages
08:30 Moon Well
08:35 Ancient Protector
08:39 Ancient Protector
12:25 Ancient of Wonders
» items
10005418 (
orange | 126 APM | 4155 actions | 33:05)
8 Archmage
3 Summon Water Elemental
3 Brilliance Aura
1 Mass Teleport
1 Blizzard
» actions
| Assign group hotkey | 83 | |
| Basic commands | 35 | |
| Build / train | 198 | |
| ESC pressed | 1 | |
| Enter build submenu | 103 | |
| Enter hero's abilities submenu | 9 | |
| Give item / drop item | 2 | |
| Right click | 1955 | |
| Select / deselect | 456 | |
| Select group hotkey | 1021 | |
| Use ability | 292 | |
4155 total
» units
| Peasant | 14 | |
| Footman | 5 | |
| Goblin Shredder | 1 | |
| Goblin Zeppelin | 10 | |
| Dragonhawk Rider | 7 | |
| Goblin Sapper | 8 | |
| Gryphon Rider | 6 | |
| Troll Batrider | 3 | |
54 total
» upgrades
| Defend | 1 | |
| Masonry | 3 | |
| Lumber Harvesting | 2 | |
| Cloud | 1 | |
| Backpack | 1 | |
| Swords | 4 | |
| Animal War Training | 1 | |
| Armor | 4 | |
| Spiked Barricades | 1 | |
| Storm Hammers | 1 | |
19 total
» buildings
| Altar of Kings | 1 | |
| Barracks | 1 | |
| Farm | 11 | |
| Arcane Vault | 2 | |
| Keep | 2 | |
| Town Hall | 2 | |
| Scout Tower | 44 | |
| Lumber Mill | 1 | |
| Guard Tower | 60 | |
| Castle | 2 | |
| Gryphon Aviary | 6 | |
| Blacksmith | 1 | |
| Ancient Protector | 2 | |
| Watch Tower | 30 | |
| Beastiary | 5 | |
170 total
» build order
00:33 Altar of Kings
00:35 Barracks
00:49 Farm
01:04 Farm
01:42 Farm
02:09 Arcane Vault
02:22 Farm
03:28 Farm
03:40 Keep
03:40 Keep
06:02 Town Hall
06:04 Scout Tower
06:04 Scout Tower
06:06 Scout Tower
06:08 Scout Tower
06:09 Scout Tower
06:11 Scout Tower
06:13 Scout Tower
06:16 Scout Tower
06:20 Scout Tower
06:45 Lumber Mill
07:11 Guard Tower
07:11 Guard Tower
07:12 Guard Tower
07:51 Guard Tower
07:51 Guard Tower
07:51 Guard Tower
07:54 Scout Tower
07:55 Scout Tower
07:59 Scout Tower
08:26 Guard Tower
08:45 Guard Tower
08:45 Guard Tower
08:45 Guard Tower
09:31 Town Hall
09:33 Scout Tower
09:35 Scout Tower
09:36 Scout Tower
09:37 Scout Tower
09:38 Scout Tower
10:17 Guard Tower
10:18 Guard Tower
10:18 Guard Tower
10:32 Arcane Vault
10:41 Castle
10:41 Castle
10:43 Gryphon Aviary
10:44 Gryphon Aviary
10:49 Scout Tower
10:49 Scout Tower
10:50 Scout Tower
10:52 Scout Tower
10:55 Scout Tower
11:07 Guard Tower
11:08 Scout Tower
11:11 Scout Tower
11:13 Scout Tower
11:16 Scout Tower
11:21 Scout Tower
11:24 Guard Tower
11:24 Guard Tower
11:24 Guard Tower
11:39 Scout Tower
11:43 Scout Tower
12:03 Gryphon Aviary
12:57 Blacksmith
13:57 Guard Tower
14:21 Ancient Protector
14:23 Ancient Protector
14:36 Scout Tower
14:37 Scout Tower
14:43 Scout Tower
14:46 Scout Tower
14:52 Scout Tower
14:53 Scout Tower
14:54 Scout Tower
14:54 Scout Tower
14:56 Scout Tower
14:59 Guard Tower
14:59 Guard Tower
15:02 Scout Tower
15:03 Scout Tower
15:05 Scout Tower
15:20 Guard Tower
15:20 Guard Tower
15:21 Guard Tower
15:27 Guard Tower
15:27 Guard Tower
15:27 Guard Tower
15:50 Guard Tower
15:50 Guard Tower
15:51 Guard Tower
16:10 Guard Tower
16:10 Guard Tower
16:11 Guard Tower
17:08 Scout Tower
17:15 Scout Tower
17:17 Scout Tower
17:19 Guard Tower
17:20 Guard Tower
17:20 Guard Tower
17:21 Guard Tower
17:21 Guard Tower
17:22 Guard Tower
17:46 Watch Tower
17:48 Watch Tower
17:48 Watch Tower
17:49 Watch Tower
17:50 Watch Tower
17:50 Watch Tower
17:51 Watch Tower
17:53 Watch Tower
17:55 Watch Tower
17:56 Watch Tower
18:03 Watch Tower
18:04 Watch Tower
18:04 Watch Tower
18:05 Watch Tower
18:06 Watch Tower
18:09 Watch Tower
18:13 Watch Tower
18:14 Watch Tower
18:14 Watch Tower
18:15 Watch Tower
18:17 Watch Tower
18:17 Watch Tower
19:01 Guard Tower
19:01 Guard Tower
19:01 Guard Tower
19:58 Watch Tower
20:42 Watch Tower
20:42 Watch Tower
20:43 Watch Tower
20:48 Watch Tower
20:49 Watch Tower
20:50 Watch Tower
20:52 Watch Tower
23:42 Gryphon Aviary
25:28 Farm
25:28 Farm
25:28 Farm
25:29 Farm
25:29 Farm
26:26 Beastiary
26:26 Beastiary
26:27 Beastiary
26:28 Beastiary
26:29 Beastiary
27:25 Farm
27:27 Gryphon Aviary
27:29 Gryphon Aviary
» items
| Mechanical Critter | 4 | |
| Scroll of Regeneration | 9 | |
| Scroll of Town Portal | 7 | |
| Ivory Tower | 4 | |
| Staff of Sanctuary | 1 | |
| Potion of Healing | 1 | |
26 total

»
Black_Elf. (
blue | 69 APM | 1003 actions | 14:28)
3 Far Seer
2 Feral Spirit
1 Chain Lighting
1 Shadow Hunter
1 Healing Wave
» actions
| Assign group hotkey | 25 | |
| Build / train | 46 | |
| Enter build submenu | 27 | |
| Enter hero's abilities submenu | 4 | |
| Remove unit from queue | 11 | |
| Right click | 448 | |
| Select / deselect | 182 | |
| Select group hotkey | 213 | |
| Use ability | 47 | |
1003 total
» units
| Peon | 11 | |
| Troll Headhunter/Berserker | 12 | |
| Goblin Shredder | 1 | |
| Shaman | 3 | |
27 total
» upgrades
| Spiked Barricades | 1 | |
| Troll Regeneration | 1 | |
| Shaman Training | 2 | |
| Berserker Upgrade | 1 | |
| Reinforced Defenses | 1 | |
| Witch Doctor Training | 1 | |
7 total
» buildings
| Altar of Storms | 1 | |
| Orc Burrow | 3 | |
| War Mill | 1 | |
| Barracks | 2 | |
| Voodoo Lounge | 1 | |
| Stronghold | 1 | |
| Fortress | 1 | |
| Spirit Lodge | 2 | |
| Watch Tower | 12 | |
| Great Hall | 1 | |
25 total
» build order
00:10 Altar of Storms
00:26 Orc Burrow
01:01 War Mill
01:16 Barracks
01:54 Orc Burrow
02:15 Voodoo Lounge
03:36 Stronghold
03:52 Orc Burrow
06:31 Fortress
06:55 Spirit Lodge
06:59 Spirit Lodge
07:50 Watch Tower
07:51 Watch Tower
07:52 Watch Tower
10:01 Watch Tower
11:10 Barracks
12:05 Watch Tower
12:06 Watch Tower
12:16 Watch Tower
12:36 Great Hall
13:14 Watch Tower
13:16 Watch Tower
13:24 Watch Tower
13:26 Watch Tower
13:34 Watch Tower
» items
Chat log
(00:08 / Allies) F.U.C.K.O.F.F.: damn all noobs my team!
(00:14 / All) Troylee: hi fans
(00:23 / Allies) F.U.C.K.O.F.F.: rush map
(00:30 / Allies) OVER.TIME.: as you wish sir
(00:30 / Allies) F.U.C.K.O.F.F.: lets clear mine at 30 food then hit?
(00:43 / Allies) OVER.TIME.: u expo?
(00:48 / Allies) F.U.C.K.O.F.F.: am/foots to air i guess
(00:53 / Allies) F.U.C.K.O.F.F.: u can take
(00:55 / Allies) OVER.TIME.: im getting frosties
(00:57 / Allies) OVER.TIME.: k
(01:00 / Allies) OVER.TIME.: im fasting expo then
(01:33 / All) Troylee: how r u fans
(02:13 / All) Troylee: how r u fans
(02:29 / All) 10005418: I'm not a fan, I'm the show
(02:49 / All) F.U.C.K.O.F.F.: fan is short for fanatic
(03:03 / Allies) F.U.C.K.O.F.F.: lets roll soon
(03:04 / Allies) OVER.TIME.: omw
(03:08 / Allies) F.U.C.K.O.F.F.: u all rushing at 30?
(03:21 / Allies) OVER.TIME.: k
(03:25 / Allies) F.U.C.K.O.F.F.: far seer
(03:29 / Allies) OVER.TIME.: kwl
(03:31 / Allies) OVER.TIME.: free exp
(03:32 / Allies) OVER.TIME.: ;)
(04:20 / Allies) F.U.C.K.O.F.F.: ah
(04:23 / Allies) F.U.C.K.O.F.F.: im intel hero
(04:24 / Allies) F.U.C.K.O.F.F.: (
(04:26 / Allies) F.U.C.K.O.F.F.: '
(04:34 / Allies) F.U.C.K.O.F.F.: where
(04:50 / Allies) F.U.C.K.O.F.F.: pink come
(05:02 / Allies) OVER.TIME.: fite
(05:37 / Allies) F.U.C.K.O.F.F.: b?
(05:43 / Allies) F.U.C.K.O.F.F.: they rush too
(06:19 / All) Troylee: gg?
(06:25 / Allies) THEZZTOP: we good
(06:53 / Allies) THEZZTOP: omw
(07:53 / Allies) F.U.C.K.O.F.F.: need meleel
(08:33 / All) Troylee: yellow ur annoying
(09:19 / All) Troylee: wow
(11:03 / Allies) OVER.TIME.: toiwers
(11:06 / Allies) F.U.C.K.O.F.F.: i got cloud
(12:10 / Allies) F.U.C.K.O.F.F.: need melee
(12:19 / Allies) OVER.TIME.: b
(12:27 / Allies) FgH: b
(12:32 / Allies) OVER.TIME.: wood
(12:33 / Allies) OVER.TIME.: fast
(13:13 / Allies) OVER.TIME.: fk
(13:15 / Allies) OVER.TIME.: briliant lich
(14:19 / All) F.U.C.K.O.F.F.: raped
(14:22 / All) F.U.C.K.O.F.F.: fan
(14:25 / All) Black_Elf.: good luck making bases all map oj
(15:34 / All) F.U.C.K.O.F.F.: hi fan
(15:41 / All) 10005418: you lose, fan
(15:44 / All) 10005418: I'm the show
(15:57 / All) F.U.C.K.O.F.F.: your a dirty yard ape
(15:57 / Allies) THEZZTOP: gold?
(16:08 / All) 10005418: you're a loser
(16:53 / Allies) OVER.TIME.: wtf pink
(17:13 / Allies) OVER.TIME.: stop it man
(17:16 / Allies) THEZZTOP: iight
(17:17 / Allies) THEZZTOP: lol
(18:24 / Allies) F.U.C.K.O.F.F.: more towers fan
(18:31 / All) F.U.C.K.O.F.F.: more towers fan
(18:38 / All) 10005418: more losses for you, loser
(20:07 / All) 10005418: just leave lol
(20:10 / All) 10005418: spare yourselves the pain
(20:10 / Allies) F.U.C.K.O.F.F.: wtf
(20:17 / Allies) OVER.TIME.: pink has to be destroyed
(20:19 / Allies) F.U.C.K.O.F.F.: why u tk
(20:34 / Allies) F.U.C.K.O.F.F.: come
(20:36 / Allies) F.U.C.K.O.F.F.: i got cloud
(20:37 / Allies) OVER.TIME.: kill pink
(20:44 / Allies) F.U.C.K.O.F.F.: who tk first
(20:47 / Allies) OVER.TIME.: omw
(20:51 / Allies) OVER.TIME.: pnink
(20:55 / Allies) OVER.TIME.: look at this
(22:06 / Allies) F.U.C.K.O.F.F.: c0ome
(22:42 / Allies) OVER.TIME.: need kill pink
(23:07 / Allies) OVER.TIME.: come yellow
(24:04 / Allies) OVER.TIME.: clear for me plz
(24:56 / Allies) F.U.C.K.O.F.F.: mass gay towers
(25:07 / Allies) OVER.TIME.: need rifle
(25:09 / Allies) OVER.TIME.: vs wyv
(25:20 / Allies) F.U.C.K.O.F.F.: stop and kill the fucking towers
(25:28 / All) THEZZTOP: asdfjkjsdfsda
(25:29 / All) THEZZTOP: dUDE
(25:32 / All) THEZZTOP: Fucking hit teal
(27:22 / Allies) OVER.TIME.: we gonna lose
(27:25 / Allies) OVER.TIME.: IF WE DONT KILL PINK
(27:26 / Allies) OVER.TIME.: SHIT
(27:31 / Allies) F.U.C.K.O.F.F.: no im clearing mines
(27:36 / Allies) OVER.TIME.: fkiunG
(27:38 / Allies) OVER.TIME.: KILL PUJNK
(28:08 / Allies) OVER.TIME.: GOLD ME
(28:22 / Allies) FgH: yes
(28:31 / Allies) OVER.TIME.: YELLOW
(28:33 / Allies) OVER.TIME.: KILL PÍNK
(28:33 / Allies) F.U.C.K.O.F.F.: after i clear mine
(28:34 / Allies) OVER.TIME.: OMFG
(28:49 / Allies) OVER.TIME.: STUPID IDIOT
(28:56 / Allies) OVER.TIME.: WE DONT GOT GOLD BECAUSE PINK FUCK US
(28:58 / Allies) OVER.TIME.: KILL PINK
(28:59 / Allies) OVER.TIME.: STUPID
(29:23 / Allies) OVER.TIME.: GJ YELLOW, YOU JUST LOSS A WON GAME
(30:56 / Allies) OVER.TIME.: u stupid yellow
(31:24 / Allies) OVER.TIME.: gold yellow
(31:24 / Allies) OVER.TIME.: wow
(31:43 / Allies) OVER.TIME.: kill it
(31:47 / Allies) OVER.TIME.: with mortar
(32:14 / Allies) F.U.C.K.O.F.F.: cant win with a tratior
(32:22 / Allies) FgH: use mortar
(32:27 / Allies) OVER.TIME.: i told u to kill pink before
(32:29 / Allies) OVER.TIME.: retarded
(32:34 / Allies) F.U.C.K.O.F.F.: fuck u nigger
(32:42 / Allies) FgH: b
(32:57 / All) 10005418: bye, fan
(32:59 / All) 10005418: bye bye fan
(32:59 / All) F.U.C.K.O.F.F.: fuck u niggers cant win with a trator like pink
(33:02 / All) F.U.C.K.O.F.F.: faggot cheats
(33:03 / All) 10005418: hahaha
(33:04 / All) 10005418: get raped
(33:05 / All) THEZZTOP: yeah